Unix NetHack Version 5.0.0-0 post-release - last build May 23 2026 06:08:33 (1c0ff79ee797540d5714e4e18072db0edd9e58ae,branch:main).

Game began 2026-05-26 18:13:02, ended 2026-05-26 18:16:41.

Atomicjoy, chaotic male elven Wizard

                             G
                        ..G
                        .<.
                        f...
                        .....
                         .`@.
                          .|.

Atomicjoy the Evoker      St:9 Dx:14 Co:13 In:20 Wi:8 Ch:11  Chaotic
Dlvl:3  $:80 HP:0(12) Pw:8(8) AC:9  Xp:1/7 T:455 

Latest messages:
 Are you sure you want to pray? [yn] (n) y
 You begin praying to Anhur.
 You are surrounded by a shimmering light.
 The kitten misses the fox.
 The fox starts to attack you, but pulls back.
 The kitten misses the fox.
 The fox starts to attack you, but pulls back.
 The kitten misses the fox.
 The kitten misses the fox.
 The fox starts to attack you, but pulls back.
 The kitten misses the fox.
 You finish your prayer.
 You feel that Anhur is pleased.
 You feel much better.
 In what direction? 8
 The spell hits the fox!
 You kill the fox!
 You hear the splashing of a naiad.
 You see here a cram ration.
 s - a cram ration.
 You see here 5 gold pieces.
 $ - 5 gold pieces (80 in total).
 This door is locked.
 This door is locked.
 This door is locked.
 This door is locked.
 In what direction? 8
 The door crashes open!
 You swap places with your kitten.
 This door is locked.
 You see here a chain mail.
 This door is locked.
 This door is locked.
 This door is locked.
 You don't have enough energy to cast that spell.
 This door is locked.
 This door is locked.
 You swap places with your kitten.
 You see here a brown potion.
 t - a brown potion.
 You swap places with your kitten.
 The newt bites!
 You kill the newt!
 You see here a chain mail.
 You swap places with your kitten.
 You descend the stairs.
 Click!  You trigger a rolling boulder trap!
 You are hit by a boulder!
 You die...
 Do you want your possessions identified? [ynq] (y) q

Inventory:
 Coins    ('$')
  $ - 80 gold pieces
 Weapons  (')')
  a - a blessed +1 quarterstaff (weapon in hands)
 Armor    ('[')
  b - an uncursed +0 cloak of magic resistance (being worn)
 Comestibles  ('%')
  s - an uncursed cram ration
 Scrolls  ('?')
  j - an uncursed scroll of identify
  i - an uncursed scroll of remove curse
  k - an uncursed scroll of taming
 Spellbooks  ('+')
  l - a blessed spellbook of force bolt
  m - an uncursed spellbook of haste self
 Potions  ('!')
  f - a blessed potion of fruit juice
  g - an uncursed potion of fruit juice
  t - an uncursed potion of hallucination
  h - an uncursed potion of healing
 Rings    ('=')
  e - an uncursed ring of fire resistance
  d - an uncursed ring of teleport control
 Wands    ('/')
  c - a wand of cancellation (0:5)
  p - a wand of polymorph (0:5)
  q - a wand of undead turning (0:8)
 Tools    ('(')
  o - an uncursed wooden harp
  n - a magic marker (0:19)
 Gems/Stones  ('*')
  r - an uncursed worthless piece of orange glass

Atomicjoy the Wizard's attributes:

Background:
 You were an Evoker, a level 1 male elven Wizard.
 You were chaotic, on a mission for Anhur
 who was opposed by Ptah (lawful) and Thoth (neutral).
 You were right-handed.
 You were in the Gnomish Mines, on level 3.
 You entered the dungeon 455 turns ago.
 You had 7 experience points, 13 more were needed to attain level 2.

Basics:
 You had 0 out of 12 hit points.
 You had all 8 energy points (spell power).
 Your armor class was 9.
 Your wallet contained 80 zorkmids.
 Autopickup was off.

Final Characteristics:
 Your strength was 9 (limit:18).
 Your dexterity was 14 (limit:18).
 Your constitution was 13 (limit:16).
 Your intelligence was 20 (limit:20).
 Your wisdom was 8 (limit:20).
 Your charisma was 11 (limit:18).

Final Status:
 You weren't hungry.
 You were unencumbered.
 You were wielding a quarterstaff.
 You had basic skill with quarterstaff.

Final Attributes:
 You were fervently aligned.
 You were magic-protected.
 You had infravision.
 You were warded.
 You are dead.

Miscellaneous:
 You didn't encounter any bones levels.
 Total elapsed playing time was 3 minutes and 38 seconds.

Major events:
 Turn
    1: Atomicjoy the chaotic male elven Wizard entered the dungeon
  452: entered the Gnomish Mines
  455: killed by a boulder

Spells:
 Name                 Level Category     Fail Retention
 force bolt             1   attack         0%  91%-100%
 haste self             3   escape        71%  76%-100%

Skills:
 Fighting Skills
   bare handed combat [Unskilled]
   riding             [Unskilled]
 Weapon Skills
   dagger             [Unskilled]
   knife              [Unskilled]
   axe                [Unskilled]
   short sword        [Unskilled]
   club               [Unskilled]
   mace               [Unskilled]
   quarterstaff       [Basic]
   polearms           [Unskilled]
   spear              [Unskilled]
   trident            [Unskilled]
   sling              [Unskilled]
   dart               [Unskilled]
   shuriken           [Unskilled]
 Spellcasting Skills
   attack spells      [Basic]
   healing spells     [Unskilled]
   divination spells  [Unskilled]
   enchantment spells [Basic]
   clerical spells    [Unskilled]
   escape spells      [Unskilled]
   matter spells      [Unskilled]

Voluntary challenges:
 Character rerolling was not enabled.
 You were illiterate.
 You never genocided any monsters.
 You never polymorphed an object.
 You never changed form.
 You used no wishes.
Achievement:
 You entered the Gnomish Mines.

 The Dungeons of Doom: levels 1 to 3
    Level 1:
    Level 2:
       Some fountains.
       Stairs down to The Gnomish Mines.
    Level 3:
 The Gnomish Mines:
    Level 3: <- You were here.
       Final resting place for
          you, killed by a boulder.


Vanquished creatures:
  a fox
  a goblin
  a grid bug
  a lichen
  2 newts
6 creatures vanquished.

No species were genocided or became extinct.

Game over:
                       ----------
                      /          \
                     /    REST    \
                    /      IN      \
                   /     PEACE      \
                  /                  \
                  |    Atomicjoy     |
                  |      80 Au       |
                  |   killed by a    |
                  |     boulder      |
                  |                  |
                  |                  |
                  |       2026       |
                 *|     *  *  *      | *
        _________)/\\_//(\/(/\)/\//\/|_)_______

Goodbye Atomicjoy the Wizard...

You died in The Gnomish Mines on dungeon level 3 with 200 points,
and 80 pieces of gold, after 455 moves.
You were level 1 with a maximum of 12 hit points when you died.

